 Dungeon Crawl Stone Soup version 0.25.0-1-g7eea58d2a3 (webtiles) character file.

Game seed: 5436216680262999549

28271 gruber the Bludgeoner (level 13, -1/122 HPs)
             Began as a Minotaur Fighter on June 14, 2020.
             Was a High Priest of Makhleb.
             Slain by a death knight
             ... wielding a +3 battleaxe
              (24 damage)
             ... on level 13 of the Dungeon.
             The game lasted 00:15:41 (11845 turns).

gruber the Bludgeoner (Minotaur Fighter)           Turns: 11845, Time: 00:15:42

Health: -1/122     AC: 10    Str: 36    XL:     13   Next: 8%
Magic:  12/12      EV: 14    Int:  3    God:    Makhleb [*****.]
Gold:   215        SH:  0    Dex: 17    Spells: 12/12 levels left

rFire    . . .     SeeInvis .   z - +7 mace of Variability {chain chaos}
rCold    . . .     Gourm    .   (shield currently unavailable)
rNeg     . . .     Faith    .   X - +0 troll leather armour
rPois    .         Spirit   .   (helmet restricted)
rElec    .         Reflect  .   T - +0 cloak
rCorr    .         Harm     .   L - +0 pair of fencer's gloves {Riposte Dex+3}
MR       .....                  p - +0 pair of boots
Stlth    ++........             o - amulet of regeneration
HPRegen  1.10/turn              O - +6 ring of strength
MPRegen  0.13/turn              R - +6 ring of strength

@: slowed, very slow
A: retaliatory headbutt, fangs 1, horns 2, thin skeletal structure 1, dopey 1,
sturdy frame 1
a: Minor Destruction, Lesser Servant of Makhleb, Major Destruction, Greater
Servant of Makhleb, Renounce Religion


You were on level 13 of the Dungeon.
You worshipped Makhleb.
Makhleb was extremely pleased with you.
You were very hungry.

You visited 2 branches of the dungeon, and saw 14 of its levels.

You collected 825 gold pieces.
You spent 610 gold pieces at shops.

Inventory:

Hand Weapons
 x - a +4 flail of protection
 z - the +7 mace of Variability (weapon) {chain chaos}
   (You found it on level 4 of the Dungeon)

   Each time it hits an enemy it has a different, random effect.
 Y - a +0 longbow
Missiles
 w - 4 throwing nets (quivered)
 K - 8 silver javelins
 Z - 49 arrows
Armour
 p - a +0 pair of boots (worn)
 L - the +0 pair of fencer's gloves (worn) {Riposte Dex+3}
   (You bought it in a shop on level 4 of the Dungeon)

   It affects your dexterity (+3).
 T - a +0 cloak (worn)
 X - a +0 troll leather armour (worn)
Jewellery
 d - an uncursed ring of positive energy
 j - an uncursed ring of poison resistance
 m - an uncursed amulet of the acrobat
 o - an amulet of regeneration (around neck)
 q - an uncursed amulet of magic regeneration {unknown}
 r - an uncursed ring of positive energy
 O - a +6 ring of strength (left hand)
 R - a +6 ring of strength (right hand)
 V - an uncursed ring of ice
Wands
 u - a wand of paralysis (9)
 E - a wand of disintegration (10)
 F - a wand of flame (22)
 N - a wand of iceblast (30)
Scrolls
 a - 2 scrolls of enchant armour {unknown}
 c - a scroll of random uselessness {unknown}
 e - 13 scrolls of identify {unknown}
 g - 3 scrolls of amnesia {unknown}
 h - 6 scrolls of remove curse
 i - 5 scrolls of teleportation
 k - 3 scrolls of fog
 l - 2 scrolls of magic mapping {unknown}
 n - a scroll of immolation {unknown}
 y - 4 scrolls of enchant weapon {unknown}
 B - 2 scrolls of fear {unknown}
 Q - 2 scrolls of noise {unknown}
 U - a scroll of torment {unknown}
 W - a scroll of vulnerability {unknown}
Potions
 b - 2 potions of cancellation {unknown}
 s - 2 potions of invisibility {unknown}
 t - 2 potions of magic {unknown}
 v - 3 potions of ambrosia {unknown}
 A - 2 potions of flight
 C - 2 potions of lignification {unknown}
 D - a potion of degeneration {unknown}
 H - 2 potions of curing
 I - 2 potions of haste
 J - 3 potions of heal wounds {unknown}
 M - a potion of stabbing {unknown}
 P - a potion of brilliance {unknown}
 S - 2 potions of resistance {unknown}
Comestibles
 f - 30 rations


   Skills:
 - Level 13.2 Fighting
 - Level 19.0 Maces & Flails
 * Level 10.2 Armour
 - Level 4.0 Dodging
   Level 3.6 Shields
 - Level 0.7 Evocations


You had 12 spell levels left.
You didn't know any spells.
Your spell library contained the following spells:

 Spells                   Type           Power        Failure   Level  Hunger
 Magic Dart               Conj           #...         52%         1    ##.....
 Blink                    Tloc           N/A          67%         2    ###....
 Call Imp                 Summ           #.......     67%         2    ###....
 Slow                     Hex            #.......     67%         2    ###....
 Conjure Flame            Conj/Fire      #.......     88%         3    ####...
 Mephitic Cloud           Conj/Pois/Air  #.......     88%         3    ####...


Dungeon Overview and Level Annotations

Branches:
Dungeon (13/15)            Temple (1/1) D:5            Lair (0/6) D:8
    Orc (0/2) D:12
 Vaults: D:13-14

Altars:
Ashenzari
Cheibriados
Dithmenos
Elyvilon
Fedhas
Gozag
Hepliaklqana
Makhleb
Nemelex Xobeh
Okawaru
Qazlal
Sif Muna
Trog
Uskayaw
Vehumet
Wu Jian
Xom
Yredelemnul
Zin
The Shining One

Shops:
D:4 [   D:5 }   D:9 !

Annotations:
D:7 1 runed translucent door
D:9 2 transporters, Nebesus's ghost, journeyman NaVM


Innate Abilities, Weirdness & Mutations

You reflexively headbutt those who attack you in melee.
You have a pair of horns on your head.
You have very sharp teeth.
You have a somewhat thin skeletal structure. (Dex +2, Stealth)
You are dopey. (Int -2)
Your movements are slightly less encumbered by armour. (ER -2)


Message History

The wraith misses you.
The phantasmal warrior blinks!
Unknown command.
Unknown command.
The freezing wraith hits you but does no damage.
The freezing wraith barely misses you.
The deep elf mage mumbles some strange words.
The deep elf mage blinks!
The deep elf mage gestures at you while chanting.
The bolt of cold hits you! The freezing wraith hits you!
The freezing wraith freezes you!
The freezing wraith completely misses you.
The phantasmal warrior blinks!
The deep elf mage mumbles some strange words.
The deep elf mage blinks!
The death knight hits you with a +3 battleaxe!!
* * * LOW HITPOINT WARNING * * *
The deep elf mage gestures wildly while chanting.
The deep elf mage blinks!
The death knight hits you with a +3 battleaxe!!
You die...

...................###
.....................#######
......†...e................##
.......(÷...÷÷..............##
............§).)..###.#...##..
..............W§.##
##..##..... .......§.....§.W.#
#....>..#. .............##pW#
##|......#. .........(..###.@#
#.#.).....# ..........e##
##..# #.#.......# ..........##
##.# #.)#...%... .........#
#..##..#....... #######..##
####..........##..
##).###.......#...##...#
#.............###......
#.............# ..####
##......#####..##.#####


You could see a death knight (reflects damage), a phantasmal warrior, a freezing
wraith, a deep elf mage (drained) and a wraith.

Vanquished Creatures
  Jorgrun (D:12)
  Kirke (D:13)
  Fannar (D:12)
  Harold (D:10)
  2 centaur warriors (D:13)
  3 two-headed ogres
  Nergalle (D:10)
  An unseen horror (D:10)
  A wizard (D:12)
  6 deep elf magi (D:13)
  3 manticores
  An elephant (D:8)
  Maurice (D:11)
  A gargoyle (D:12)
  2 centaur skeletons (D:13)
  Maggie (D:6)
  An efreet (D:13)
  2 trolls
  A harpy zombie (D:11)
  2 hornets (D:12)
  5 hippogriffs
  3 wraiths
  2 vampires
  5 hogs (D:13)
  A wyvern (D:11)
  18 yaks
  A human (D:13)
  2 basilisks (D:8)
  A hungry ghost (D:12)
  2 soldier ants
  A swamp worm (shapeshifter) (D:6)
  Edmund (D:4)
  A water moccasin (D:8)
  2 sky beasts
  A hornet zombie (D:8)
  3 orc warriors
  6 ice beasts
  A necrophage (D:9)
  4 phantoms
  2 black bears
  2 ogres
  14 centaurs
  A big kobold (D:7)
  Blork the orc (D:4)
  A wyvern zombie (D:10)
  4 bullfrogs
  A water moccasin zombie (D:8)
  A wyvern skeleton (D:13)
  3 scorpions
  7 killer bees
  19 wights
  2 crimson imps
  4 hounds
  2 bullfrog zombies (D:13)
  A quasit (D:10)
  10 orc wizards
  5 bullfrog skeletons
  A gnoll shaman (D:4)
  6 orc priests
  4 jellies
  Jessica (D:2)
  2 iguanas
  11 worker ants
  A hound zombie (D:6)
  A worker ant zombie (D:6)
  15 adders
  3 gnolls (D:4)
  4 shadow imps
  An ooze (D:3)
  An adder zombie (D:6)
  2 adder skeletons
  2 worms
  A dart slug (D:4)
  6 leopard geckos
  30 orcs
  3 ball pythons
  8 bats
  11 giant cockroaches
  4 goblins
  11 hobgoblins
  20 jackals
  5 quokkas
  16 frilled lizards
  A giant cockroach zombie (D:6)
  12 kobolds
  A quokka skeleton (D:6)
  7 rats
364 creatures vanquished.

Vanquished Creatures (others)
  A yak (D:9)
  A wight (D:11)
2 creatures vanquished.

Grand Total: 366 creatures vanquished

Notes
Turn   | Place    | Note
-------+----------+-------------------------------------------
     0 | D:1      | gruber the Minotaur Fighter began the quest for the Orb.
     0 | D:1      | Reached XP level 1. HP: 19/19 MP: 0/0
   520 | D:1      | Reached XP level 2. HP: 21/26 MP: 1/1
   960 | D:1      | Reached skill level 5 in Armour
   962 | D:1      | Reached XP level 3. HP: 16/31 MP: 2/2
  1312 | D:2      | Reached XP level 4. HP: 29/39 MP: 3/3
  1795 | D:2      | Noticed Jessica
  1801 | D:2      | Killed Jessica
  2301 | D:3      | Reached XP level 5. HP: 45/45 MP: 4/4
  3060 | D:3      | Found a glowing golden altar of the Shining One.
  3110 | D:4      | Noticed Edmund
  3267 | D:4      | Reached skill level 1 in Dodging
  3267 | D:4      | Reached XP level 6. HP: 41/51 MP: 5/5
  3367 | D:4      | Killed Edmund
  3505 | D:4      | Found the +7 mace of Variability {chain chaos}
  3552 | D:4      | Found a bloodstained altar of Trog.
  3751 | D:4      | Found Jufugor's Armour Shop.
  3806 | D:4      | Noticed Blork the orc
  3814 | D:4      | Killed Blork the orc
  3814 | D:4      | Reached skill level 3 in Maces & Flails
  3814 | D:4      | Reached XP level 7. HP: 54/57 MP: 6/6
  3846 | D:5      | Entered Level 5 of the Dungeon
  3887 | D:5      | Reached skill level 4 in Maces & Flails
  3951 | D:5      | Reached skill level 5 in Maces & Flails
  3952 | D:5      | Found Piweam's Gadget Boutique.
  3962 | D:5      | Reached skill level 6 in Maces & Flails
  4014 | D:5      | Found a staircase to the Ecumenical Temple.
  4041 | Temple   | Entered the Ecumenical Temple
  4136 | Temple   | Became a worshipper of Makhleb the Destroyer
  4215 | D:5      | Reached skill level 7 in Maces & Flails
  4287 | D:5      | Reached XP level 8. HP: 57/64 MP: 7/7
  4453 | D:6      | Reached skill level 8 in Maces & Flails
  4576 | D:6      | Noticed Maggie
  4592 | D:6      | Killed Maggie
  4592 | D:6      | Reached skill level 10 in Maces & Flails
  4798 | D:6      | Reached * piety under Makhleb
  4800 | D:6      | Noticed a hippogriff
  4809 | D:6      | Killed a hippogriff
  4810 | D:6      | Noticed a shapeshifter
  4810 | D:6      | a hound changed into a shapeshifter
  4810 | D:6      | Noticed a troll
  4810 | D:6      | a shapeshifter changed into a troll
  4819 | D:6      | Gained mutation: You have a somewhat thin skeletal
                  | structure. (Dex +2, Stealth) [potion of mutation]
  4819 | D:6      | Gained mutation: Your movements are slightly less
                  | encumbered by armour. (ER -2) [potion of mutation]
  4819 | D:6      | Gained mutation: You are dopey. (Int -2) [potion of
                  | mutation]
  4819 | D:6      | Gained mutation: You have very sharp teeth. [potion of
                  | mutation]
  4823 | D:6      | Noticed a salamander
  4823 | D:6      | a troll changed into a salamander
  4824 | D:6      | Reached skill level 11 in Maces & Flails
  4824 | D:6      | Reached XP level 9. HP: 16/70 MP: 8/8
  5466 | D:7      | Reached skill level 12 in Maces & Flails
  5602 | D:7      | Found a glowing golden altar of the Shining One.
  5602 | D:7      | Found a runed translucent door.
  5602 | D:7      | Noticed an angel
  5659 | D:7      | Found a blossoming altar of Fedhas.
  5659 | D:7      | Found an iron altar of Okawaru.
  5948 | D:7      | Found a glowing golden altar of the Shining One.
  5996 | D:7      | Reached ** piety under Makhleb
  6049 | D:7      | Reached skill level 13 in Maces & Flails
  6479 | D:8      | Noticed an elephant
  6490 | D:8      | Killed an elephant
  6490 | D:8      | Reached skill level 14 in Maces & Flails
  6493 | D:8      | Reached XP level 10. HP: 73/77 MP: 9/9
  6495 | D:8      | Found a staircase to the Lair.
  6670 | D:8      | Found an opulent altar of Gozag.
  6803 | D:8      | Found a radiant altar of Vehumet.
  6856 | D:9      | Reached skill level 15 in Maces & Flails
  6912 | D:9      | Found a shattered altar of Ashenzari.
  7005 | D:9      | Found a transporter.
  7009 | D:9      | Noticed Nebesus's ghost (journeyman NaVM)
  7009 | D:9      | Noticed a moth of wrath
  7013 | D:9      | Noticed an ice dragon
  7163 | D:9      | Found a transporter.
  7323 | D:9      | Found a shadowy altar of Dithmenos.
  7503 | D:9      | Found Qofidd's Distillery.
  7512 | D:9      | Bought a potion of haste for 130 gold pieces
  7570 | D:10     | Entered Level 10 of the Dungeon
  7905 | D:10     | Killed an unseen horror
  7905 | D:10     | Reached skill level 16 in Maces & Flails
  8061 | D:10     | Noticed Nergalle
  8068 | D:10     | Killed Nergalle
  8188 | D:10     | Noticed Harold
  8193 | D:10     | Killed Harold
  8193 | D:10     | Reached skill level 17 in Maces & Flails
  8193 | D:10     | Reached XP level 11. HP: 82/82 MP: 10/10
  8224 | D:10     | Reached *** piety under Makhleb
  8562 | D:10     | Noticed a two-headed ogre
  8568 | D:10     | Killed a two-headed ogre
  8745 | D:11     | Reached skill level 18 in Maces & Flails
  8863 | D:11     | Noticed Maurice
  8915 | D:11     | Killed Maurice
  9080 | D:4      | Bought the +0 pair of fencer's gloves {Riposte Dex+3} for
                  | 480 gold pieces
  9080 | D:4      | Found the +0 pair of fencer's gloves {Riposte Dex+3}
  9545 | D:11     | Reached skill level 19 in Maces & Flails
  9842 | D:12     | Noticed a wizard
  9863 | D:12     | Killed a wizard
  9863 | D:12     | Reached skill level 5 in Fighting
  9929 | D:12     | Reached **** piety under Makhleb
  9944 | D:12     | Noticed Jorgrun
  9950 | D:12     | Killed Jorgrun
  9950 | D:12     | Reached XP level 12. HP: 60/101 MP: 11/11
 10041 | D:12     | Found a staircase to the Orcish Mines.
 10111 | D:12     | Paralysed by a hornet for 1 turns
 10119 | D:12     | Paralysed by a hornet for 2 turns
 10121 | D:12     | HP: 5/101 [hornet (7)]
 10382 | D:12     | Noticed Fannar
 10402 | D:12     | Killed Fannar
 10860 | D:13     | Reached skill level 10 in Fighting
 11192 | D:13     | Noticed a centaur warrior
 11201 | D:13     | Killed a centaur warrior
 11295 | D:13     | Noticed a centaur warrior
 11303 | D:13     | Killed a centaur warrior
 11476 | D:13     | Noticed a two-headed ogre
 11481 | D:13     | Killed a two-headed ogre
 11573 | D:13     | Noticed a two-headed ogre
 11578 | D:13     | Killed a two-headed ogre
 11595 | D:13     | Noticed Kirke
 11814 | D:13     | Killed Kirke
 11819 | D:13     | Reached ***** piety under Makhleb
 11819 | D:13     | Reached XP level 13. HP: 122/122 MP: 12/12
 11834 | D:13     | Reached skill level 10 in Armour
 11845 | D:13     | Slain by a death knight

Illustrated notes

Levels and vault maps discovered:
D:1:      heliophobic_arrival_henge, layout_basic
D:2:      layout_loops_ring, first_ration, minmay_three_crescents, uniq_jessica
D:3:      layout_loops_corners, tso_altar
D:4:      layout_cave_pools, bloody_trog, serial_shops, nicolae_shop_waterfront,
          uniq_edmund, uniq_blork_the_orc
D:5:      layout_rooms, minmay_temple_entry_large_hall, serial_glass,
          glass_columns_c, glass_columns_c, glass_columns_a, glass_columns_a,
          glass_columns_a, feat_on_display, feat_on_display, serial_shops,
          shop_statue
D:6:      layout_cave_pools, nicolae_overflow_hidden_temple, serial_glass,
          glass_columns_b, glass_columns_a, minmay_chambers_of_fives,
          uniq_maggie
D:7:      layout_basic, gammafunk_temple_overflow_statue, basic_altar,
          hangedman_abyss_or_decor_stagger, lemuel_angel_altar
D:8:      layout_loops_ring, marbit_many_paths, vehumet_crystals,
          david_lair_generic
D:9:      layout_irregular_city, old_standard_altar, grunt_dithmenos_smoke,
          serial_shops, shop, gammafunk_ghost_berserking_beasts
D:10:     minmay_razor_zed, layout_loops_corners, uniq_harold, uniq_nergalle
D:11:     layout_loops_ring, uniq_maurice
D:12:     minmay_isolated_rectangles_in_corner, layout_loops_ring, orc_0_dummy,
          hangedman_pestilent_swarm, uniq_jorgrun, uniq_fannar
D:13:     layout_layer_cave, elves_outpost_lemuel, uniq_kirke
Temple:   nicolae_temple_hex_pool

Skill      XL: |  1  2  3  4  5  6  7  8  9 10 11 12 13 |
---------------+----------------------------------------+-----
Armour         | 4 5 6 8 9 10 | 10.2
Dodging        | 1 4 |  4.0
Maces & Flails | 3 7 11 14 17 19 | 19.0
Fighting       | 7 13 | 13.2
Shields        | |  3.6
Evocations     | |  0.7

Action                   |  1- 3 |  4- 6 |  7- 9 | 10-12 | 13-15 || total
-------------------------+-------+-------+-------+-------+-------++-------
Melee: Flail             |   109 |   201 |   106 |       |       ||   416
       Headbutt          |    13 |    25 |    37 |    80 |     2 ||   157
       Great mace        |       |       |    92 |   337 |     9 ||   438
       Bite              |       |       |     5 |    42 |     1 ||    48
Throw: Javelin           |       |       |       |     2 |       ||     2
Invok: Lesser Servant of |       |       |       |     2 |       ||     2
Evoke: Wand              |       |     1 |     1 |     1 |       ||     3
  Use: Potion            |       |     1 |     3 |     2 |       ||     6
       Scroll            |       |       |     3 |     1 |       ||     4
 Stab: Paralysed         |       |     8 |     5 |     1 |       ||    14
       Sleeping          |       |       |     3 |     9 |       ||    12
       Distracted        |       |       |       |     3 |       ||     3
       Confused          |       |       |       |     2 |       ||     2
       Petrifying        |       |       |       |     1 |       ||     1
  Eat: Chunk             |     1 |     9 |     8 |    18 |       ||    36
Armor: Scale mail        |    69 |    97 |    40 |       |       ||   206
       Steam dragon scal |       |       |    40 |    53 |       ||    93
       Troll leather arm |       |       |       |    24 |     3 ||    27
Dodge: Dodged            |    41 |    74 |   107 |   164 |     5 ||   391
Block: Kite shield       |    85 |   126 |    57 |       |       ||   268
       Rpst.: Great mace |       |       |       |    19 |       ||    19
